 Dungeon Crawl Stone Soup version 0.30-b1-2-g02819fbbbe (webtiles) character file.

Game seed: 9573857176301708652

10696 LLlMATKO the Cleaver (level 11, -1/94 (101) HPs)
             Began as a Minotaur Berserker on Aug 27, 2023.
             Was a High Priest of Trog.
             Slain by Fannar
             ... wielding a staff of cold
              (2 damage)
             ... on level 10 of the Dungeon.
             The game lasted 00:16:27 (10501 turns).

LLlMATKO the Cleaver (Minotaur Berserker)          Turns: 10501, Time: 00:16:27

HP:   -1/94 (101)   AC: 15    Str: 27    XL:     11   Next: 39%
MP:   10/10         EV: 13    Int:  4    God:    Trog [*****.]
Gold: 752           SH: 15    Dex:  9    Spells: 10/10 levels left

rFire   . . .        E - +1 hand axe (heavy)
rCold   . . .        V - +0 kite shield
rNeg    . . .        U - +0 swamp dragon scales
rPois   +            y - +0 hat
rElec   .            H - +0 cloak
rCorr   +            b - +2 pair of gloves
SInv    .            (no boots)
Will    +....        o - amulet of reflection Stlth
                     w - ring of resist corrosion
HPRegen 0.35/turn    R - ring of willpower
MPRegen 0.12/turn

%: reflection
@: on berserk cooldown, slowed, drained, very slow
A: horns 2, retaliatory headbutt
a: Renounce Religion, Berserk, Trog's Hand, Brothers in Arms


You were on level 10 of the Dungeon.
You worshipped Trog.
Trog was extremely pleased with you.
You visited 1 branch of the dungeon, and saw 10 of its levels.
You also visited: Ossuary and Bailey.

You collected 752 gold pieces.

Inventory:

Hand Weapons
 p - a +0 war axe
 E - a +1 heavy hand axe (weapon)
 M - a +0 broad axe
 P - a +1 hand axe
Missiles
 k - 20 poisoned darts (quivered)
 D - 5 javelins
 S - a throwing net
Armour
 b - a +2 pair of gloves (worn)
 y - a +0 hat (worn)
 H - a +0 cloak (worn)
 O - a +0 crystal plate armour
 U - +0 swamp dragon scales (worn)
 V - a +0 kite shield (worn)
Jewellery
 o - an amulet of reflection (around neck)
 w - a ring of resist corrosion (left hand)
 N - a ring of protection from fire
 R - a ring of willpower (right hand)
Wands
 m - a wand of mindburst (7)
 t - a wand of charming (12)
 F - a wand of digging (4)
 Q - a wand of quicksilver (6)
 T - a wand of roots (8)
Scrolls
 c - 3 scrolls of noise
 d - 15 scrolls of identify
 f - 3 scrolls of magic mapping
 g - 3 scrolls of fog
 j - 11 scrolls of teleportation
 r - a scroll of silence
 s - 2 scrolls of poison
 B - a scroll of fear {unknown}
 C - 2 scrolls of butterflies {unknown}
 G - a scroll of brand weapon {unknown}
 I - 2 scrolls of blinking
Potions
 a - 2 potions of degeneration {unknown}
 e - 2 potions of brilliance {unknown}
 h - 4 potions of resistance {unknown}
 i - 5 potions of lignification
 l - a potion of berserk rage
 n - 4 potions of mutation {unknown}
 q - 2 potions of attraction {unknown}
 u - a potion of haste
 v - 4 potions of might {unknown}
 x - a potion of flight {unknown}
 z - 7 potions of curing {unknown}
 A - 4 potions of invisibility {unknown}
 J - 2 potions of cancellation {unknown}
 K - 2 potions of heal wounds {unknown}
 L - a potion of experience


   Skills:
 + Level 10.4 Fighting
 + Level 10.4 Axes
 + Level 10.0 Armour
 + Level 9.2 Dodging
 + Level 9.6 Shields


You had 10 spell levels left.
You didn't know any spells.
Your spell library was empty.

Dungeon Overview and Level Annotations

Branches:
Dungeon (10/15)            Temple (0/1) D:4            Lair (0/5) D:8
Ossuary (visited)          Bailey (visited)
    Orc: D:9-12

Altars:
Cheibriados
Hepliaklqana
Qazlal
Xom

Shops:
D:3 :

Annotations:
D:8 3 runed translucent doors, Anon1729's ghost, novice MiMo
D:10 Fannar


Innate Abilities, Weirdness & Mutations

You have a pair of horns on your head.
You reflexively headbutt those who attack you in melee.


Message History

You are exhausted.
You feel yourself slow down.
The ice beast hits you but does no damage.
Some snowflakes condense on Fannar.
Fannar casts a spell at you. The bolt of cold misses you.
You hit Fannar but do no damage.
Fannar is moderately wounded.
You hit the ice beast but do no damage. The ice beast completely misses you.
Fannar mumbles some strange words. x2
You block the ice beast's attack.
Unknown command.
You slash Fannar! Your headbutt misses Fannar.
Fannar is heavily wounded.
You hit the ice beast but do no damage. The ice beast closely misses you.
You furiously retaliate!
You headbutt the ice beast. Fannar hits you with a staff of cold.
Fannar freezes you! Fannar hits you but does no damage. Fannar freezes you!
You block the ice beast's attack.
You miss Fannar. You headbutt Fannar, but do no damage.
Fannar is heavily wounded.
You barely miss the ice beast. x2; You closely miss the ice beast.
You block the ice beast's attack. Fannar hits you but does no damage.
The ice beast closely misses you. You furiously retaliate!
You headbutt the ice beast. The ice beast barely misses you.
Fannar casts a spell at you. The bolt of cold hits you!!
* * * LOW HITPOINT WARNING * * *
You block the ice beast's attack.
Your ogre goes berserk!
You block the ice beast's attack. x2
The ice beast hits you but does no damage.
Fannar hits you but does no damage. Fannar freezes you!
* * * LOW HITPOINT WARNING * * *
The ice beast hits you.
* * * LOW HITPOINT WARNING * * *
The ice beast freezes you.
* * * LOW HITPOINT WARNING * * *
The ice beast barely misses you. Fannar hits you with a staff of cold.
You die...

.~≈ #.<......#
..~~ #.####...#
..~#####.# #
.........#
.~#.....####..
#...........
#...........
#.####O.Y...#####
.......@Y...#
##.....Ye...#
#..........#
#..........#
#..........#
....#######.#
.... .# ... .


You could see Fannar (ally target), 3 ice beasts and a friendly ogre (summoned,
berserk).

Vanquished Creatures
  An orc warlord (Bailey)
  2 two-headed ogres
  An orc knight (Bailey)
  Maggie (D:8)
  Psyche (D:8)
  2 komodo dragons (D:8)
  A hornet (D:8)
  Prince Ribbit (D:8)
  Sigmund (D:6)
  5 yaks (D:9)
  4 wyverns (D:8)
  A wraith (Ossuary)
  A basilisk (D:8)
  A water moccasin (D:8)
  A swamp drake (D:8)
  A black bear (D:6)
  4 ice beasts
  2 sky beasts (D:7)
  15 orc warriors
  An ogre (D:7)
  4 centaurs
  A kobold brigand (D:7)
  A gnoll sergeant (D:9)
  3 bullfrogs
  An elf zombie (Ossuary)
  3 scorpions
  4 wights (D:8)
  A killer bee (D:8)
  5 howler monkeys (D:9)
  6 orc priests
  Crazy Yiuf (D:6)
  2 gnoll boudas
  3 hounds
  5 jellies
  8 iguanas
  11 orc wizards
  4 mummies
  21 gnolls
  6 adders
  A shadow imp (D:7)
  A white imp (D:5)
  5 dart slugs
  43 orcs
  6 ball pythons
  7 endoplasms
  4 giant cockroaches
  23 goblins
  14 hobgoblins
  2 jackals (D:2)
  12 kobolds
  4 quokkas
  3 bats
  5 frilled lizards
  4 goblin zombies (Ossuary)
  4 hobgoblin zombies (Ossuary)
  3 kobold zombies (Ossuary)
  4 rats
282 creatures vanquished.

Vanquished Creatures (others)
  An orc (D:8)
1 creature vanquished.

Grand Total: 283 creatures vanquished

Notes
Turn   | Place    | Note
-------+----------+-------------------------------------------
     0 | D:1      | LLlMATKO the Minotaur Berserker began the quest for the
                  | Orb.
     0 | D:1      | Reached XP level 1. HP: 19/19 MP: 0/0
   199 | D:1      | Reached XP level 2. HP: 16/27 MP: 1/1
  1283 | D:2      | You fall into a shaft and drop 1 floor!
  1403 | D:3      | Reached XP level 3. HP: 33/33 MP: 2/2
  1644 | D:2      | Reached ** piety under Trog
  1714 | D:2      | Reached skill level 1 in Shields
  1714 | D:2      | Reached XP level 4. HP: 22/40 MP: 3/3
  2284 | D:3      | Reached XP level 5. HP: 38/47 MP: 4/4
  2465 | D:3      | Identified the +4 short sword "Gyavidd" {heavy, *Slow rPois
                  | Int+7 Dex-2}
  2501 | D:3      | Found Mow Ruv's Book Shoppe.
  2591 | D:3      | Found a shimmering altar of Xom.
  2854 | D:4      | Identified the +1 robe "Zulan" {Drain +Blink rPois Str+8}
  2878 | D:4      | Found a staircase to the Ecumenical Temple.
  3074 | D:4      | Reached XP level 6. HP: 55/55 MP: 5/5
  3547 | D:4      | Reached skill level 5 in Fighting
  3547 | D:4      | Reached skill level 5 in Axes
  3786 | D:5      | Entered Level 5 of the Dungeon
  4082 | D:5      | Reached XP level 7. HP: 48/61 MP: 6/6
  4650 | D:5      | Reached skill level 5 in Armour
  4808 | D:6      | Noticed Sigmund
  4815 | D:6      | Killed Sigmund
  4832 | D:6      | Reached skill level 5 in Dodging
  4832 | D:6      | Reached XP level 8. HP: 45/70 MP: 7/7
  4941 | D:6      | Found a sand-covered staircase.
  4952 | Ossuary  | Entered an ossuary
  5048 | Ossuary  | Reached *** piety under Trog
  5210 | Ossuary  | Reached skill level 5 in Shields
  5676 | D:6      | Found a runed translucent door.
  5676 | D:6      | Noticed Crazy Yiuf
  6227 | D:6      | Killed Crazy Yiuf
  6361 | D:7      | Reached **** piety under Trog
  6362 | D:7      | Reached XP level 9. HP: 69/79 MP: 8/8
  6664 | D:7      | Found a snail-covered altar of Cheibriados.
  6668 | D:7      | Found a hazy altar of Hepliaklqana.
  6676 | D:7      | Found a stormy altar of Qazlal.
  6854 | D:8      | Found a flagged portal.
  6900 | Bailey   | Entered a bailey
  7551 | Bailey   | Noticed an orc knight
  7553 | Bailey   | Reached ***** piety under Trog
  7572 | Bailey   | Killed an orc knight
  7573 | Bailey   | Reached XP level 10. HP: 19/90 MP: 9/9
  7758 | Bailey   | Noticed an orc warlord
  7778 | Bailey   | Killed an orc warlord
  8279 | D:8      | Noticed Prince Ribbit
  8286 | D:8      | Killed Prince Ribbit
  8527 | D:8      | Found a runed translucent gate.
  8527 | D:8      | Found a runed translucent gate.
  8528 | D:8      | Found a runed translucent gate.
  8749 | D:8      | Noticed Psyche
  8760 | D:8      | Noticed a two-headed ogre
  8870 | D:8      | Killed a two-headed ogre
  8871 | D:8      | Reached XP level 11. HP: 77/99 MP: 10/10
  8873 | D:8      | Killed Psyche
  8874 | D:8      | Reached skill level 10 in Fighting
  8874 | D:8      | Reached skill level 10 in Axes
  9004 | D:8      | Noticed Maggie
  9015 | D:8      | Killed Maggie
  9332 | D:8      | Noticed Anon1729's ghost (novice MiMo)
  9387 | D:8      | Found a staircase to the Lair.
  9655 | D:9      | Noticed a two-headed ogre
  9674 | D:9      | Killed a two-headed ogre
  9698 | D:9      | Reached skill level 10 in Armour
 10081 | D:9      | Identified the +10 long sword of the Genius {drain, rElec
                  | rF+ Str+5 Dex-5}
 10485 | D:10     | Entered Level 10 of the Dungeon
 10489 | D:10     | Noticed Fannar
 10501 | D:10     | HP: 1/94 [ice beast[Fannar] (6)]
 10501 | D:10     | Slain by Fannar

Illustrated notes

Levels and vault maps discovered:
D:1:      psy_arrival_heroes, layout_basic, minmay_close_crescents
D:2:      layout_loops_ring, serial_bayou_pond_e, minmay_misc_feat_pillars,
          fountainhead
D:3:      cheibrodos_pilgrimage, layout_basic, tgw_xom, serial_shops, shop
D:4:      layout_layer_cave, temple_pool_b, minmay_joined_circles
D:5:      layout_loops_corners, minmay_bent
D:6:      layout_loops_ring, gup_ossuary_entry_pyramid, uniq_crazy_yiuf_cottage,
          uniq_sigmund
D:7:      layout_rooms, grunt_temple_overflow_open, chequers_garden
D:8:      kennysheep_spiral_hall, layout_basic, erik_lair_dragon,
          gammafunk_ghost_spectres, lightli_bailey_entry_fortress, uniq_maggie,
          uniq_prince_ribbit1, uniq_psyche
D:9:      layout_irregular_city
D:10:     layout_small_grid, mainiacjoe_overflow_alcove_1,
          mainiacjoe_overflow_cross_hatched, serial_ice, serial_ice_c,
          serial_ice_e, serial_ice_b, serial_ice_i, serial_ice_h, serial_ice_m,
          uniq_fannar

Skill      XL: |  1  2  3  4  5  6  7  8  9 10 11 |
---------------+----------------------------------+-----
Fighting       | 4 5 6 7 8 9 10 | 10.4
Axes           | 4 5 6 7 8 9 10 | 10.4
Armour         | 3 4 5 6 8 9 10 | 10.0
Shields        | 1 2 3 4 6 7 9 |  9.6
Dodging        | 3 4 5 6 7 8 9 |  9.2

Action                     |  1- 3 |  4- 6 |  7- 9 | 10-12 || total
---------------------------+-------+-------+-------+-------++-------
  Melee: Hand axe          |    46 |       |   254 |   171 ||   471
         Headbutt          |     9 |    15 |    47 |    36 ||   107
         Punch             |     2 |       |       |       ||     2
         War axe           |    12 |   111 |     6 |       ||   129
         Unarmed           |       |       |       |     1 ||     1
  Throw: Dart              |     1 |     1 |    40 |    38 ||    80
 Invoke: Berserk           |       |     1 |     3 |     8 ||    12
         Trog's Hand       |       |       |     1 |     1 ||     2
         Brothers in Arms  |       |       |       |     1 ||     1
    Use: Scroll            |       |       |    12 |     1 ||    13
   Stab: Sleeping          |     1 |       |       |       ||     1
         Distracted        |       |       |     1 |       ||     1
 Armour: Animal skin       |     2 |       |       |       ||     2
         Ring mail         |    10 |    58 |    87 |    21 ||   176
         Swamp dragon scal |       |       |       |    28 ||    28
  Dodge: Dodged            |    42 |    84 |   101 |    93 ||   320
  Block: Buckler           |     4 |    23 |   122 |    91 ||   240
         Reflection        |       |       |     2 |     6 ||     8
         Other             |       |       |       |     1 ||     1
         Kite shield       |       |       |       |     8 ||     8
